 Dungeon Crawl Stone Soup version 0.31.0-9-g3a7656b989 (webtiles) character file.

Game seed: 18214170930564933825

18 qw the Shooter (level 2, 0/14 HPs)
             Began as a Spriggan Hunter on Feb 2, 2024.
             Succumbed to their own poison gas
             ... on level 1 of the Dungeon.
             The game lasted 00:00:01 (452 turns).

qw the Shooter (Spriggan Hunter)                     Turns: 452, Time: 00:00:02

Health: 0/14       AC:  2    Str:  7    XL:     2   Next: 51%
Magic:  3/3        EV: 19    Int: 10    God:
Gold:   1          SH:  0    Dex: 18    Spells: 1/1 levels left

rFire   . . .        a - +0 shortbow
rCold   . . .        (shield currently unavailable)
rNeg    . . .        c - +0 robe
rPois   .            (helmet restricted)
rElec   .            (no cloak)
rCorr   .            (gloves unavailable)
SInv    +            (boots unavailable)
Will    .....        (no amulet)
Stlth   ++           (no ring)
HPRegen 0.22/turn    (no ring)
MPRegen 0.08/turn

%: no passive effects
@: lethally poisoned (0 -> -5), invisible, very quick
A: very small, no large weapons, unfitting armour, see invisible, speed 3
a: no special abilities


You were on level 1 of the Dungeon.
You visited 1 branch of the dungeon, and saw 1 of its levels.

You collected 40 gold pieces.
You spent 39 gold pieces at shops.


Innate Abilities, Weirdness & Mutations

You are very small and have problems with some larger weapons.
You are too small for most types of armour.
You have supernaturally acute eyesight. (SInv)
You cover ground extremely quickly. (Speed+++)


   Skills:
 - Level 1.5 Fighting
 + Level 4.1 Ranged Weapons
 - Level 4.0 Dodging
 - Level 1.5 Stealth


You had one spell level left.
You didn't know any spells.
Your spell library was empty.

Inventory:

Hand Weapons
 a - a +0 shortbow (weapon)
Armour
 c - a +0 robe (worn)
Scrolls
 d - a scroll of teleportation
Potions
 f - a potion of might {unknown}

Dungeon Overview and Level Annotations

Branches:
Dungeon (1/15)

Altars:

Shops:
D:1 **


Message History

443 ||| READING scroll labelled FECRIE QYSUOQI.
The air fills with toxic fumes!
As you read the scroll labelled FECRIE QYSUOQI, it crumbles to dust.
It was a scroll of poison.
Done exploring.
444 ||| DRINKING 2 glowing orange potions.
It was a potion of invisibility.
You fade into invisibility!
Done exploring.
445 ||| DROPPING scroll of butterflies.
You drop a scroll of butterflies.
Done exploring.
446 ||| DROPPING potion of invisibility.
You drop a potion of invisibility.
Done exploring.
What level of the Dungeon? (default 1, ? - help) Sorry, I don't know how to get there.
Enter note:
Enter note:
Enter note:
Enter note:
Enter note:
Enter note:
Enter note:
Enter note:
Enter note: You are engulfed in poison gas.
You are lethally poisoned!
You feel very sick.
448 ||| Stepping ~*~*~tactically~*~*~ (cloud).
You feel sick.
Things that are here:
a potion of invisibility; a scroll of butterflies
There is a lethal amount of poison in your body!
You feel very sick.
There is a lethal amount of poison in your body!
You feel sick.
There is a lethal amount of poison in your body!
You feel sick.
There is a lethal amount of poison in your body!
You die...

......##......##..............(..
.........¤¤#¤¤##.................
###...###¤0¤¤¤¤0.................
#.##..###¤¤¤0¤0¤##.^............#
(..##....0¤¤¤00¤###.....##.....##
....###..¤0¤00¤0# ########..####
.....'##.¤0¤¤0¤¤## ##..##
....##.#.##¤00¤00## ##..#
...##.##.#¤0¤¤0¤@¤# ##.###
#.##'#####¤00¤¤¤#0#### #...#
#.##.## #000¤¤00#¤¤0.## ###.#
#'#...###¤#000¤0..##0.### #.#
'.'.<..'..#####¤#####0¤.## #.#
###...#########0######0..# ### #
##.##.......¤0.......###
######...####..#########
..............##


There were no monsters in sight!

Vanquished Creatures
  A dart slug (D:1)
  An endoplasm (D:1)
  A giant cockroach (D:1)
  A hobgoblin (D:1)
  2 kobolds (D:1)
  5 ball pythons (D:1)
  A bat (D:1)
  A frilled lizard (D:1)
  4 rats (D:1)
17 creatures vanquished.

Notes
Turn   | Place    | Note
-------+----------+-------------------------------------------
     0 | D:1      | qw the Spriggan Hunter began the quest for the Orb.
     0 | D:1      | Reached XP level 1. HP: 10/10 MP: 2/2
     0 | D:1      | 0 ||| qw: Version: 0.3-a-155-g5e7d8dd
     0 | D:1      | 0 ||| qw: Game counter: 802
     0 | D:1      | 0 ||| qw: Melee chars always use a shield: true
     0 | D:1      | 0 ||| qw: God list: Okawaru
     0 | D:1      | 0 ||| qw: Allow faded altars: false
     0 | D:1      | 0 ||| qw: Do Orc after clearing Dungeon:15 true
     0 | D:1      | 0 ||| qw: Do second Lair branch before Depths: true
     0 | D:1      | 0 ||| qw: Lair rune preference: random
     0 | D:1      | 0 ||| qw: Goals: Normal
     0 | D:1      | 0 ||| PLANNING D:1-11
    46 | D:1      | Reached skill level 3 in Dodging
   105 | D:1      | Reached XP level 2. HP: 14/14 MP: 3/3
   123 | D:1      | Found Suankar's General Store.
   134 | D:1      | 134 ||| SHOPLISTING potion of curing (42 gold, have 21).
   134 | D:1      | 134 ||| SHOPLISTING wand of charming (7) (235 gold, have
                  | 21).
   193 | D:1      | Found Plog's Assorted Antiques.
   209 | D:1      | 209 ||| SHOPLISTING glowing arbalest (157 gold, have 40).
   209 | D:1      | 209 ||| BUYING inky potion (18 gold).
   209 | D:1      | Bought an inky potion for 18 gold pieces
   209 | D:1      | 209 ||| BUYING scroll labelled FECRIE QYSUOQI (21 gold).
   209 | D:1      | Bought a scroll labelled FECRIE QYSUOQI for 21 gold pieces
   209 | D:1      | 209 ||| SHOPLISTING scroll labelled NYSTAW DEISHRA (21
                  | gold, have 1).
   440 | D:1      | 440 ||| READING 2 scrolls labelled LIGAYXECEN.
   443 | D:1      | 443 ||| READING scroll labelled FECRIE QYSUOQI.
   444 | D:1      | 444 ||| DRINKING 2 glowing orange potions.
   445 | D:1      | 445 ||| DROPPING scroll of butterflies.
   446 | D:1      | 446 ||| DROPPING potion of invisibility.
   448 | D:1      | 448 ||| Stepping ~*~*~tactically~*~*~ (cloud).
   450 | D:1      | HP: 3/14 [poisoned by you (poison gas)]
   451 | D:1      | HP: 1/14 [poisoned by you (poison gas)]
   452 | D:1      | Succumbed to their own poison gas

Levels and vault maps discovered:
D:1:      dpeg_arrival_rhombi, layout_rooms, serial_shops, shop, shop,
          hangedman_decor_diamond_cutter

Skill      XL: |  1  2 |
---------------+-------+-----
Dodging        | 3 4 |  4.0
Fighting       | |  1.5
Ranged Weapons | |  4.1
Stealth        | |  1.5

Action                     || total
---------------------------++-------
   Fire: Shortbow          ||    31
    Use: Scroll            ||     2
         Potion            ||     1
  Dodge: Dodged            ||     3

Table legend:
 A = Non-vault XP
 B = Vault XP
 C = Vault XP percentage of total XP
 D = Non-vault monster count
 E = Vault monster count
 F = Vault count percentage of total count
                 A         B        C        D         E       F
            +---------+---------+-------+---------+---------+-------
      Total |      27 |       0 |   0.0 |      17 |       0 |   0.0
            +---------+---------+-------+---------+---------+-------
        D:1 |      27 |       0 |   0.0 |      17 |       0 |   0.0
            +---------+---------+-------+---------+---------+-------
